 Dungeon Crawl Stone Soup version 0.31.0-32-g396128a36d (webtiles) character file.

Game seed: 8965370937135749295

24766 Peloso the Carver (level 12, -4/108 HPs)
             Began as a Minotaur Fighter on Mar 27, 2024.
             Was the Champion of Okawaru.
             Killed from afar by a hell knight (21 damage)
             ... with a bolt of fire
             ... in a volcano.
             The game lasted 00:29:19 (15219 turns).

Peloso the Carver (Minotaur Fighter)               Turns: 15219, Time: 00:29:20

Health: -4/108     AC: 20    Str: 21    XL:     12   Next: 83%
Magic:  11/11      EV:  9    Int:  5    God:    Okawaru [******]
Gold:   592        SH:  7    Dex: 21    Spells: 11/11 levels left

rFire   . . .        a - +0 scimitar
rCold   . . .        d - +0 buckler
rNeg    . . .        c - +0 plate armour
rPois   .            (helmet currently unavailable)
rElec   .            (cloak currently unavailable)
rCorr   .            (gloves currently unavailable)
SInv    .            (boots currently unavailable)
Will    .....        (no amulet) Stlth
                     n - +4 ring of protection
HPRegen 0.38/turn    F - +6 ring of dexterity
MPRegen 0.12/turn

%: no passive effects
@: mighty, beast-form, hasted, very quick
A: beast (slay +3), horns 2, retaliatory headbutt
a: Begin Untransformation, Renounce Religion, Heroism, Finesse, Duel, Receive
Weapon, Receive Armour


You were in a volcano.
You worshipped Okawaru.
Okawaru was exalted by your worship.
You were a hulking beast.
You visited 3 branches of the dungeon, and saw 15 of its levels.
You also visited: Volcano.

You collected 854 gold pieces.
You spent 262 gold pieces at shops.

Inventory:

Hand Weapons
 a - a +0 scimitar (weapon)
 b - a +1 long sword
Armour
 c - a +0 plate armour (worn)
 d - a +0 buckler (worn)
 G - a +1 hat
Jewellery
 e - a ring of magical power
 n - a +4 ring of protection (left hand)
 v - a +5 ring of evasion
 E - a ring of positive energy
 F - a +6 ring of dexterity (right hand)
Talismans
 z - a beast talisman (active)
 I - a granite talisman
Wands
 o - a wand of polymorph (3)
 w - a wand of mindburst (3)
 x - a wand of flame (13)
 D - a wand of roots (7)
Scrolls
 g - 2 scrolls of enchant weapon
 i - a scroll of fear
 k - a scroll of summoning
 m - 2 scrolls of enchant armour
 p - 5 scrolls of teleportation
 r - 2 scrolls of amnesia
 s - 8 scrolls of revelation
 y - a scroll of brand weapon
 C - a scroll of poison
 H - a scroll of fog
 K - a scroll of blinking
Potions
 f - 4 potions of curing
 h - a potion of mutation
 j - 2 potions of haste
 l - a potion of invisibility
 q - a potion of ambrosia
 u - a potion of brilliance
 A - a potion of magic
 B - a potion of enlightenment {unknown}
 L - a potion of lignification
 M - a potion of berserk rage {unknown}
Miscellaneous
 J - a condenser vane


   Skills:
 + Level 10.9 Fighting
 + Level 14.8 Long Blades
 + Level 13.6 Armour
 + Level 3.8 Dodging
 + Level 1.8 Stealth
 + Level 9.5 Shields
 + Level 1.7 Evocations
 + Level 5.5 Shapeshifting


You had 11 spell levels left.
You didn't know any spells.
Your spell library contained the following spells:

 Spells                   Type           Power      Damage    Failure   Level
 Sandblast                Erth           0%         2d4       100%        1
 Shock                    Conj/Air       0%         1d3       100%        1
 Sting                    Conj/Alch      0%         1d3       100%        1
 Mercury Vapours          Alch/Air       0%         N/A       100%        2
 Static Discharge         Conj/Air       0%         3-3/arc   100%        2
 Mephitic Cloud           Conj/Alch/Air  0%         N/A       100%        3
 Passwall                 Erth           0%         N/A       100%        3
 Stone Arrow              Conj/Erth      0%         3d7       100%        3
 Swiftness                Air            0%         N/A       100%        3
 Airstrike                Air            0%         2d(0-16)  100%        4
 Brom's Barrelling Bould  Conj/Erth      0%         2d3       100%        4
 Cause Fear               Hex            0%         N/A       100%        4
 Manifold Assault         Tloc           0%         N/A       100%        4
 Olgreb's Toxic Radiance  Alch           0%         N/A       100%        4
 Fireball                 Conj/Fire      0%         3d3       100%        5
 Freezing Cloud           Conj/Ice/Air   0%         6-21      100%        5
 Silence                  Hex/Air        0%         N/A       100%        5
 Conjure Ball Lightning   Conj/Air       0%         3x3d6     100%        6
 Dispersal                Tloc           0%         N/A       100%        6
 Disjunction              Tloc           0%         N/A       100%        8
 Fire Storm               Conj/Fire      0%         5d1       100%        9
 Summon Lightning Spire   Summ/Air       Unusable   N/A       N/A         4
 Dragon's Call            Summ           Unusable   N/A       N/A         9

Dungeon Overview and Level Annotations

Branches:
Dungeon (11/15)            Temple (1/1) D:7            Lair (3/5) D:11
Volcano (1/1)
  Swamp: Lair:2-3    Shoals: Lair:2-3     Snake: Lair:2-3    Spider: Lair:2-3
    Orc: D:9-12

Altars:
Ashenzari
Cheibriados
Dithmenos
Elyvilon
Fedhas
Gozag
Hepliaklqana
Kikubaaqudgha
Makhleb
Nemelex Xobeh
Okawaru
Qazlal
Ru
Sif Muna
Trog
Uskayaw
Vehumet
Wu Jian
Xom
Yredelemnul
Zin
The Shining One

Shops:
D:2 =*[*   D:5 ::(   D:8 :


Innate Abilities, Weirdness & Mutations

You are a hulking beast.
Your limbs bulge with bestial killing power. (Slay +3)
You have a pair of horns on your head.
You reflexively headbutt those who attack you in melee.


Message History

It stops flaming.
The centaur hits you but does no damage.
You block the centaur's attack.
The centaur warrior shoots an arrow.
The arrow hits you! The arrow burns you.
There is an open door here.
You slice the centaur!!
You kill the centaur!
Okawaru accepts your kill.
The yaktaur shoots a bolt.
The bolt hits you!
* * * LOW HITPOINT WARNING * * *
The bolt burns you.
* * * LOW HITPOINT WARNING * * *
You barely miss the hell knight. Your headbutt misses the hell knight.
The hell knight mumbles some strange prayers to its god against you.
The bolt of fire misses you.
The centaur unwields a +0 shortbow of flaming.
It stops flaming.
The centaur closely misses you. You block the centaur's attack.
You completely miss the hell knight. Your headbutt misses the hell knight.
The yaktaur shoots a bolt.
You block the bolt. The hell knight completely misses you.
You furiously retaliate!
You headbutt the hell knight!
The centaur hits you but does no damage.
The centaur kicks you but does no damage.
You slice the hell knight!! Your headbutt misses the hell knight.
The hell knight is severely wounded.
You slash the hell knight! Your headbutt misses the hell knight.
The hell knight is severely wounded.
You block the hell knight's attack. The centaur barely misses you.
You furiously retaliate!
You headbutt the centaur!
The centaur kicks you but does no damage.
The yaktaur shoots a bolt.
The bolt hits you!
* * * LOW HITPOINT WARNING * * *
The bolt burns you.
* * * LOW HITPOINT WARNING * * *
You barely miss the hell knight.
The hell knight is severely wounded.
The hell knight mumbles some strange prayers to its god against you.
The bolt of fire hits you!!
You die...

§ ≈≈≈§≈§§....# ≈
§§≈≈§§≈≈...# ..
≈≈≈≈§≈§≈§≈≈§§... #..
≈≈≈§≈§§§§§≈§§.. #...
≈≈≈§§≈§≈§≈≈... #..#
§§§§≈§§≈§§...# #..#
≈≈≈≈§§§§≈§...## #c.#
≈§§≈≈§≈§§....8###c.#
≈≈§≈≈≈≈≈≈...).).hp∩#
.≈≈§≈§≈≈§....8###).#
§.§§≈≈≈.....### #..#
#..........## #..#
######..#### #..#
#### #.c. #.. ..


You could see a hell knight (fast), a centaur warrior, a yaktaur and a centaur.

Vanquished Creatures
  A centaur warrior (D:10)
  A boulder beetle (Lair:1)
  A cyclops (D:11)
  6 centaur zombies (D:10)
  10 elephants
  A black mamba (Lair:3)
  7 cane toads
  A rime drake (Lair:2)
  6 komodo dragons
  An unseen horror zombie (D:10)
  2 hornets
  Prince Ribbit (D:9)
  12 blink frogs
  21 yaks
  A spriggan (D:9)
  4 fire bats (Volcano)
  2 wraiths (D:10)
  5 wyverns
  A basilisk (Lair:1)
  A steam dragon (D:7)
  3 acid dragons
  3 water moccasins
  4 black bears
  4 orc warriors
  2 ice beasts
  8 wolves
  8 centaurs
  A phantom (D:7)
  Blork the orc (D:6)
  13 bullfrogs
  A gnoll sergeant (D:8)
  3 scorpions
  12 wights
  3 electric eels (Lair:2)
  4 howler monkeys
  4 bombardier beetles
  7 lava snakes
  3 hounds
  4 orc priests
  3 iguanas
  14 orc wizards
  3 howler monkey zombies (D:10)
  10 adders
  5 gnolls (D:8)
  A shadow imp (D:7)
  A white imp (D:3)
  7 dart slugs
  3 ribbon worms
  25 orcs
  3 endoplasms
  4 giant cockroaches
  4 goblins
  3 hobgoblins
  4 jackals (D:5)
  3 quokkas
  6 ball pythons
  6 bats
  4 frilled lizards
  4 kobolds
  9 rats
  A butterfly (D:7)
296 creatures vanquished.

Notes
Turn   | Place    | Note
-------+----------+-------------------------------------------
     0 | D:1      | Peloso the Minotaur Fighter began the quest for the Orb.
     0 | D:1      | Reached XP level 1. HP: 19/19 MP: 0/0
    90 | D:1      | Reached XP level 2. HP: 23/27 MP: 1/1
   217 | D:1      | Found a faded altar of an unknown god.
   706 | D:2      | Reached XP level 3. HP: 33/33 MP: 2/2
   731 | D:2      | Found Pykh's General Store.
   733 | D:2      | Found a broken altar of Ashenzari.
   739 | D:2      | Bought a scroll of identify for 22 gold pieces
   769 | D:2      | Found Winee's Jewellery Shoppe.
  1024 | D:2      | Found Coxaphih's Antique Armour Boutique.
  1122 | D:2      | Found Duistrumi's General Store.
  1199 | D:2      | Reached skill level 3 in Long Blades
  1527 | D:3      | Reached XP level 4. HP: 40/40 MP: 3/3
  2511 | D:4      | Reached skill level 4 in Long Blades
  2601 | D:4      | Reached XP level 5. HP: 40/46 MP: 4/4
  2734 | D:4      | Reached skill level 5 in Armour
  2919 | D:4      | Found a snail-covered altar of Cheibriados.
  2926 | D:4      | Found a white marble altar of Elyvilon.
  3049 | D:5      | Entered Level 5 of the Dungeon
  3049 | D:5      | Found Qorrug's Book Emporium.
  3228 | D:5      | Found a sparkling altar of Nemelex Xobeh.
  3268 | D:5      | Reached skill level 1 in Dodging
  3316 | D:5      | Noticed a black bear
  3334 | D:5      | Killed a black bear
  3335 | D:5      | Reached XP level 6. HP: 31/53 MP: 5/5
  3542 | D:5      | Reached skill level 5 in Long Blades
  3622 | D:5      | Noticed an ice beast
  3636 | D:5      | Killed an ice beast
  3637 | D:5      | Reached XP level 7. HP: 53/60 MP: 6/6
  3710 | D:5      | Found Xonlob's Book Shoppe.
  3721 | D:5      | Found Juadghor's Weapon Emporium.
  3734 | D:5      | Reached skill level 6 in Long Blades
  3792 | D:5      | Reached skill level 5 in Fighting
  3792 | D:5      | Reached skill level 5 in Shields
  3951 | D:5      | Reached skill level 7 in Long Blades
  4254 | D:6      | Noticed Blork the orc
  4347 | D:6      | Killed Blork the orc
  4348 | D:6      | Reached XP level 8. HP: 41/68 MP: 7/7
  4623 | D:6      | Found a shadowy altar of Dithmenos.
  5523 | D:2      | Bought a beast talisman for 240 gold pieces
  5668 | D:7      | Reached skill level 8 in Long Blades
  5902 | D:7      | Found a staircase to the Ecumenical Temple.
  5914 | Temple   | Entered the Ecumenical Temple
  6127 | D:7      | Found an ornate altar of the Wu Jian Council.
  6155 | D:7      | Reached skill level 1 in Stealth
  6278 | D:7      | Identified the +0 helmet "Dutaanag" {Fly}
  6372 | D:7      | Reached skill level 1 in Shapeshifting
  6654 | D:8      | Noticed a hornet
  6919 | D:8      | Reached XP level 9. HP: 53/75 MP: 8/8
  7009 | D:8      | Found a shimmering altar of Xom.
  7039 | D:8      | Reached skill level 9 in Long Blades
  7314 | D:8      | Found Solaohah's Book Boutique.
  7390 | D:8      | Found a glowing silver altar of Zin.
  7609 | D:8      | Found a broken altar of Ashenzari.
  8033 | D:8      | Reached skill level 10 in Long Blades
  8222 | D:9      | Found a stormy altar of Qazlal.
  8805 | D:9      | Found an iron altar of Okawaru.
  8807 | D:9      | Found a radiant altar of Vehumet.
  8807 | D:9      | Noticed Prince Ribbit
  8813 | D:9      | Killed Prince Ribbit
  8814 | D:9      | Reached XP level 10. HP: 73/86 MP: 9/9
  8817 | D:9      | Became a worshipper of Warmaster Okawaru
  9134 | D:10     | Entered Level 10 of the Dungeon
  9182 | D:10     | Reached skill level 11 in Long Blades
  9272 | D:10     | Reached skill level 10 in Armour
  9490 | D:10     | Found a glowing golden altar of the Shining One.
  9651 | D:10     | Reached * piety under Okawaru
  9792 | D:10     | Found a basalt altar of Yredelemnul.
  9811 | D:10     | Got Byeko's Omnibus of Aerial Kindling
  9873 | D:10     | Reached ** piety under Okawaru
  9898 | D:10     | Reached skill level 12 in Long Blades
 10007 | D:10     | Noticed a centaur warrior
 10017 | D:10     | Killed a centaur warrior
 10315 | D:11     | Noticed a boulder beetle
 10632 | D:11     | Noticed a cyclops
 10659 | D:11     | Reached XP level 11. HP: 90/95 MP: 10/10
 10685 | D:11     | Reached *** piety under Okawaru
 10700 | D:11     | HP: 3/95 [acid dragon/splash of acid (27)]
 10982 | D:11     | Found a staircase to the Lair.
 10994 | Lair:1   | Entered Level 1 of the Lair of Beasts
 11000 | Lair:1   | Reached skill level 13 in Long Blades
 11217 | Lair:1   | Reached **** piety under Okawaru
 11913 | Lair:1   | Noticed a boulder beetle
 11920 | Lair:1   | Reached ***** piety under Okawaru
 11943 | Lair:1   | Reached skill level 14 in Long Blades
 11963 | Lair:1   | Killed a boulder beetle
 12761 | Lair:2   | Reached XP level 12. HP: 70/106 MP: 11/11
 13038 | Lair:2   | Received a gift from Okawaru
 13039 | Lair:2   | Reached skill level 1 in Evocations
 13497 | Lair:2   | Reached skill level 10 in Fighting
 13727 | Lair:2   | Reached skill level 5 in Shapeshifting
 13945 | Lair:2   | Reached ****** piety under Okawaru
 14280 | Lair:2   | Received a gift from Okawaru
 14676 | Lair:3   | Found a dark tunnel.
 14684 | Lair:3   | Noticed a boulder beetle
 14697 | Lair:3   | HP: 2/108 [bog body/bolt of cold (33)]
 14699 | Volcano  | Entered a volcano
 15210 | Volcano  | Noticed a centaur warrior
 15219 | Volcano  | Killed from afar by a hell knight

Illustrated notes

Levels and vault maps discovered:
D:1:      tarquinn_simple_flora_water_f, layout_basic,
          hellmonk_ecumenical_altar_prayer_group
D:2:      layout_loops_cross, serial_shops, shop, shop, shop,
          nicolae_square_shop, basic_altar, kennysheep_generic_room_7
D:3:      layout_basic, minivault_11
D:4:      layout_cave_pools, mainiacjoe_overflow_surrounded_room,
          kennysheep_mini_moat
D:5:      minmay_bubble_buster, layout_basic, nemelex_spade_bored_becter,
          serial_shops, nicolae_shop_real_fake_doors, shop, shop
D:6:      layout_layer_cave, kennysheep_mini, grunt_decor_arrowhead,
          nicolae_concentric_dashed_squares_mild, nicolae_underground_beach,
          uniq_blork_the_orc
D:7:      layout_basic, nicolae_wu_jian_wuxing_cycle,
          minmay_temple_entry_butterflies, minmay_gold_behind_fungi
D:8:      layout_loops_ring, mainiacjoe_overflow_swirl, general_overflow_altar,
          serial_shops, shop
D:9:      layout_cave_pools, chequers_temple_overflow_statue_of_worship,
          kennysheep_decorative_pillar, the_hattery, uniq_prince_ribbit1
D:10:     layout_roguey, nicolae_yredelemnul_corpse_copse, tso_altar
D:11:     layout_grid_maze, grunt_lair_entry_orc_guard_hut,
          kennysheep_generic_room_10
Temple:   kb_temple_of_zot
Lair:1:   layout_layer_cave
Lair:2:   layout_roguey, nicolae_lair_liquid_snakes,
          infiniplex_staircase_pool_2, grunt_megastairs_2
Lair:3:   layout_long_grid, skrybe_swamp_entry_bodies,
          hellmonk_spider_entry_not_the_bees, nicolae_volcano_entry_lava_flow,
          serial_bayou_ford_a, lemuel_old_faithful, uniq_amaemon
Volcano:  volcano_grotto [vgs_dualism]

Skill      XL: |  1  2  3  4  5  6  7  8  9 10 11 12 |
---------------+-------------------------------------+-----
Fighting       | 4 5 6 7 8 9 10 | 10.9
Shields        | 4 5 6 7 8 9 |  9.5
Armour         | 4 5 6 7 8 9 11 12 13 | 13.6
Long Blades    | 3 4 5 7 8 10 12 14 | 14.8
Dodging        | 1 2 3 |  3.8
Stealth        | 1 |  1.8
Shapeshifting  | 1 2 3 4 5 |  5.5
Evocations     | 1 |  1.7

Action                     |  1- 3 |  4- 6 |  7- 9 | 10-12 || total
---------------------------+-------+-------+-------+-------++-------
  Melee: Long sword        |   105 |   108 |   315 |       ||   528
         Headbutt          |    16 |    14 |    63 |   165 ||   258
         Scimitar          |       |       |    25 |   543 ||   568
 Invoke: Heroism           |       |       |       |     1 ||     1
  Evoke: Wand              |       |       |     2 |     7 ||     9
         Condenser vane    |       |       |       |     1 ||     1
    Use: Scroll            |     7 |     5 |     1 |     7 ||    20
         Potion            |     4 |       |     1 |     4 ||     9
   Stab: Confused          |       |       |       |     2 ||     2
 Armour: Scale mail        |    78 |    34 |       |       ||   112
         Plate armour      |       |    62 |   305 |   499 ||   866
  Dodge: Dodged            |    53 |    59 |   155 |   229 ||   496
  Block: Buckler           |    20 |    32 |   105 |   168 ||   325
   Form: Beast             |       |       |     1 |       ||     1
